 Dungeon Crawl Stone Soup version 0.30-a0-800-g7c544603b3 (webtiles) character file.

Game seed: 8600839933360091477

880 Darius099 the Cleaver (level 7, 0/59 HPs)
             Began as a Minotaur Fighter on Feb 21, 2023.
             Slain by Duvessa
             ... wielding a +4 short sword of freezing
              (8 damage)
             ... on level 4 of the Dungeon.
             The game lasted 00:07:30 (3228 turns).

Darius099 the Cleaver (Minotaur Fighter)            Turns: 3228, Time: 00:07:30

Health: 0/59       AC: 12    Str: 23    XL:     7   Next: 75%
Magic:  6/6        EV: 12    Int:  5    God:
Gold:   165        SH:  4    Dex:  9    Spells: 6/6 levels left

rFire   . . .      SeeInvis .    a - +0 war axe
rCold   . . .      Faith    .    c - +0 buckler
rNeg    . . .      Spirit   .    k - +2 chain mail {Will+}
rPois   .          Reflect  .    (helmet restricted)
rElec   .          Harm     .    (no cloak)
rCorr   .          Rampage  .    (no gloves)
Will    +....                    (no boots) Stlth
                                 (no amulet)
HPRegen 0.00/turn                h - +5 ring of evasion
MPRegen 0.10/turn                (no ring)

@: inhibited regen
A: horns 2, retaliatory headbutt, shaggy fur 1, inhibited regeneration
a: no special abilities


You were on level 4 of the Dungeon.
You visited 1 branch of the dungeon, and saw 4 of its levels.
You also visited: Sewer.

You collected 165 gold pieces.

Inventory:

Hand Weapons
 a - a +0 war axe (weapon)
Missiles
 t - 40 stones (quivered)
Armour
 c - a +0 buckler (worn)
 k - a +2 chain mail of willpower (worn)
Jewellery
 h - a +5 ring of evasion (left hand)
Scrolls
 b - 10 scrolls of identify {unknown}
 e - a scroll of vulnerability {unknown}
 f - 3 scrolls of teleportation {unknown}
 j - 3 scrolls of poison {unknown}
 l - a scroll of magic mapping {unknown}
 m - a scroll of fog {unknown}
 o - a scroll of noise {unknown}
 v - a scroll of silence {unknown}
Potions
 d - 2 potions of might
 g - 3 potions of mutation
 i - 2 potions of degeneration {unknown}
 n - a potion of heal wounds {unknown}
 p - a potion of cancellation {unknown}
 q - a potion of invisibility {unknown}
 r - 2 potions of curing {unknown}
 s - a potion of resistance {unknown}
 u - a potion of berserk rage {unknown}


   Skills:
 - Level 4.1 Fighting
 + Level 10.2 Axes
 - Level 4.1 Armour
 - Level 4.1 Shields


You had 6 spell levels left.
You didn't know any spells.
Your spell library contained the following spells:

 Spells                   Type           Power      Damage    Failure   Level
 Magic Dart               Conj           0%         1d3       99%         1
 Searing Ray              Conj           0%         2d4       100%        2
 Fulminant Prism          Conj/Hex       0%         3d5       100%        4


Dungeon Overview and Level Annotations

Branches:
Dungeon (4/15)              Sewer (visited)
 Temple: D:4-7

Altars:
Hepliaklqana
Qazlal
Ru
Yredelemnul

Annotations:
D:4 Duvessa


Innate Abilities, Weirdness & Mutations

You have a pair of horns on your head.
You reflexively headbutt those who attack you in melee.
You are covered in fur. (AC +1)
You do not regenerate when monsters are visible.


Message History

Dowan is heavily wounded.
You block Dowan's attack.
You closely miss Dowan.
Dowan is heavily wounded.
Dowan closely misses you.
You slash Dowan!
You kill Dowan!
Duvessa weeps, and shakes her weapon.
Duvessa goes berserk!
Your life force feels restored.
You hit Duvessa.
Duvessa is lightly wounded.
You block Duvessa's attack.
Duvessa hits you with a +4 short sword of freezing!
Duvessa freezes you.
You slash Duvessa!
Duvessa is moderately wounded.
Duvessa barely misses you.
You hit Duvessa but do no damage.
Duvessa is moderately wounded.
Duvessa hits you but does no damage.
Duvessa hits you with a +4 short sword of freezing.
Duvessa freezes you.
You hit Duvessa.
Duvessa is heavily wounded.
Duvessa hits you with a +4 short sword of freezing!
Duvessa freezes you.
Duvessa hits you with a +4 short sword of freezing!
Duvessa freezes you.
You barely miss Duvessa. Your headbutt misses Duvessa.
Duvessa is heavily wounded.
Duvessa hits you with a +4 short sword of freezing!
* * * LOW HITPOINT WARNING * * *
Duvessa freezes you.
* * * LOW HITPOINT WARNING * * *
It was a potion of mutation.
You feel extremely strange.
Your regeneration stops near monsters.
Fur sprouts all over your body. You block Duvessa's attack.
Duvessa hits you with a +4 short sword of freezing!
You die...

### ..# ###.#
###.#e#
#...#@# ####
#.#.#.# #...
#.....# #...
#.###.###
####### #...
#.# #.#
#.....# #...
#.# #.#
#.....#####...
#.# #.#
#.............
#.# #.#
#.....#####.##
###.# #.#
#.....# #...#


You could see Duvessa (berserk).

Vanquished Creatures
  Grinder (Sewer)
  A necrophage (Sewer)
  2 wights (Sewer)
  Dowan (D:4)
  A jelly (D:4)
  A hound (D:4)
  3 iguanas (D:4)
  Terence (D:2)
  Natasha (thrice) (D:2)
  6 adders
  A shadow imp (Sewer)
  8 ufetubi
  A worm (D:3)
  3 dart slugs
  8 orcs
  6 endoplasms
  9 giant cockroaches
  6 goblins
  10 hobgoblins
  6 quokkas
  5 ball pythons
  4 bats
  6 frilled lizards
  A giant cockroach zombie (Sewer)
  29 kobolds
  A kobold zombie (Sewer)
  4 rats
128 creatures vanquished.

Vanquished Creatures (others)
  4 plants (D:4)
4 creatures vanquished.

Grand Total: 132 creatures vanquished

Notes
Turn   | Place    | Note
-------+----------+-------------------------------------------
     0 | D:1      | Darius099 the Minotaur Fighter began the quest for the Orb.
     0 | D:1      | Reached XP level 1. HP: 19/19 MP: 0/0
   211 | D:1      | Reached XP level 2. HP: 27/27 MP: 1/1
   622 | D:2      | Noticed Terence
   637 | D:2      | Killed Terence
   638 | D:2      | Reached skill level 3 in Axes
   638 | D:2      | Reached XP level 3. HP: 19/33 MP: 2/2
   709 | D:2      | You fall into a shaft and drop 1 floor!
   758 | D:3      | Identified the +0 leather armour of Amol {Dex+3 Stlth+}
   795 | D:3      | Found a sacrificial altar of Ru.
   874 | D:3      | Found a stormy altar of Qazlal.
   877 | D:3      | Found a basalt altar of Yredelemnul.
   975 | D:3      | Reached XP level 4. HP: 29/40 MP: 3/3
  1100 | D:3      | Identified the +3 ring mail of Zokot {Will+ Str+3 Int-5}
  1128 | D:3      | Reached skill level 4 in Axes
  1223 | D:3      | Found a glowing drain.
  1231 | Sewer    | Entered a sewer
  1337 | Sewer    | Reached skill level 5 in Axes
  1339 | Sewer    | Reached XP level 5. HP: 37/46 MP: 4/4
  1363 | Sewer    | Reached skill level 6 in Axes
  1387 | Sewer    | Found an ancient bone altar of Kikubaaqudgha.
  1436 | Sewer    | Reached XP level 6. HP: 50/52 MP: 5/5
  1462 | Sewer    | Noticed Grinder
  1469 | Sewer    | Killed Grinder
  1470 | Sewer    | Reached skill level 8 in Axes
  1517 | Sewer    | Reached XP level 7. HP: 59/59 MP: 6/6
  1992 | D:2      | Noticed Natasha
  1998 | D:2      | Killed Natasha
  2582 | D:2      | Noticed Natasha
  2588 | D:2      | Killed Natasha
  2589 | D:2      | Reached skill level 9 in Axes
  2677 | D:2      | Noticed Natasha
  2683 | D:2      | Killed Natasha
  2992 | D:4      | Found a faded altar of an unknown god.
  3017 | D:4      | Found a hazy altar of Hepliaklqana.
  3018 | D:4      | Found a faded altar of an unknown god.
  3124 | D:4      | Reached skill level 10 in Axes
  3217 | D:4      | Noticed Dowan
  3217 | D:4      | Noticed Duvessa
  3222 | D:4      | Killed Dowan
  3228 | D:4      | Gained mutation: You do not regenerate when monsters are
                  | visible. [potion of mutation]
  3228 | D:4      | Gained mutation: You are covered in fur. (AC +1) [potion of
                  | mutation]
  3228 | D:4      | Slain by Duvessa

Illustrated notes

Levels and vault maps discovered:
D:1:      giann_forest_graveyard, layout_basic
D:2:      layout_basic, dk_noncrumbling_3, kennysheep_generic_room_3,
          uniq_terence, uniq_natasha
D:3:      layout_loops_ring, nicolae_ru_the_path_less_chosen,
          mainiacjoe_overflow_catwalk_spiral, gup_sewer_entry_bubbles,
          wad_orctagon
D:4:      layout_basic, nicolae_hepliaklqana_ecumenical_no_more,
          lemuel_temple_firewalk_b, minmay_cut_off, uniq_duvessa

Skill      XL: |  1  2  3  4  5  6  7 |
---------------+----------------------+-----
Fighting       | 4 |  4.1
Axes           | 3 5 6 8 10 | 10.2
Armour         | 4 |  4.1
Shields        | 4 |  4.1

Action                     |  1- 3 |  4- 6 |  7- 9 || total
---------------------------+-------+-------+-------++-------
  Melee: War axe           |    76 |    95 |   101 ||   272
         Headbutt          |     5 |    10 |    12 ||    27
    Use: Potion            |       |       |     1 ||     1
 Armour: Chain mail        |    26 |    29 |    35 ||    90
  Dodge: Dodged            |    40 |    62 |    57 ||   159
  Block: Buckler           |    13 |    27 |    21 ||    61

Table legend: (Time is in decaauts)
 A = Elapsed time spent in this place.
 B = Non-inter-level travel time spent in this place.
 C = Inter-level travel time spent in this place.
 D = Time resting spent in this place.
 E = Time spent auto-exploring this place.
 F = Levels seen in this place.
 G = Mean time per level.
                   A        B        C        D        E       F      G
               +--------+--------+--------+--------+--------+-----+--------+
         Total |   3329 |   3250 |     79 |     71 |   2239 |   5 |  665.8 |
       Dungeon |   2910 |   2831 |     79 |     35 |   2072 |   4 |  727.5 |
         Sewer |    419 |    419 |      0 |     36 |    167 |   1 |  419.0 |
               +--------+--------+--------+--------+--------+-----+--------+

Top non-repeatable levels by time:
     D:2: 962 daAuts
     D:3: 904 daAuts
     D:1: 573 daAuts
     D:4: 469 daAuts
   Sewer: 419 daAuts
